 Dungeon Crawl Stone Soup version 0.22-a0-402-ga933591 (webtiles) character file.

43 Kairos the Shield-Bearer (level 3, -3/20 HPs)
             Began as a Vine Stalker Fighter on May 7, 2018.
             Slain by a gnoll
             ... wielding a +0 flail
              (5 damage)
             ... on level 2 of the Dungeon.
             The game lasted 00:00:59 (808 turns).

Kairos the Shield-Bearer (Vine Stalker Fighter)      Turns: 808, Time: 00:01:00

Health: -3/20      AC:  4    Str: 19    XL:     3   Next: 58%
Magic:  0/4        EV:  8    Int:  8    God:
Gold:   99         SH: 10    Dex: 13    Spells: 2/2 levels left

rFire    . . .     SeeInvis .   a - +0 war axe
rCold    + . .     Gourm    .   c - +1 shield
rNeg     . . .     Faith    .   e - +1 leather armour {rC+}
rPois    .         Spirit   +   (no helmet)
rElec    .         Reflect  .   (no cloak)
rCorr    .         Harm     .   (no gloves)
MR       .....                  (no boots)
Stlth    +.........             (no amulet)
HPRegen  0.06/turn              (no ring)
MPRegen  0.09/turn              (no ring)

@: no status effects
A: fangs 2, magic shield, antimagic bite, no potion heal 3, rot immunity
a: no special abilities


You were on level 2 of the Dungeon.
You were not hungry.

You visited 1 branch of the dungeon, and saw 2 of its levels.

You collected 99 gold pieces.

Inventory:

Hand Weapons
 a - a +0 war axe (weapon)
Missiles
 g - 7 silver javelins (quivered)
Armour
 b - a +0 scale mail
 c - a +1 shield (worn)
 e - a +1 leather armour of cold resistance (worn)
Scrolls
 h - 2 scrolls of teleportation {unknown}
Potions
 d - a potion of might
Comestibles
 f - 3 rations


   Skills:
 + Level 3.0 Fighting
 + Level 2.1 Axes
 + Level 2.7 Armour
 + Level 0.1 Dodging
 + Level 3.3 Shields


You had 2 spell levels left.
You didn't know any spells.

Dungeon Overview and Level Annotations

Branches:
Dungeon (2/15)

Altars:


Innate Abilities, Weirdness & Mutations

You have extremely sharp teeth.
When hurt, damage is shared between your health and your magic reserves.
Your bite disrupts and absorbs the magic of your enemies.
Potions cannot restore your health.
You are immune to rotting.


Message History

Your experience leads to an increase in your attributes!
Increase (S)trength, (I)ntelligence, or (D)exterity?
You feel stronger.
You hit the gnoll.
You kill the gnoll!
The rat bites you.
* * * LOW HITPOINT WARNING * * *
The gnoll hits you but does no damage. You block the rat's attack.
You hit the gnoll. You bite the gnoll, but do no damage.
The gnoll is moderately wounded.
Your shield and leather armour prevent you from hitting the rat.
You block the gnoll's attack. The rat bites you.
* * * LOW HITPOINT WARNING * * *
Unknown command.
Your shield prevents you from hitting the gnoll.
Your bite misses the gnoll.
The gnoll is moderately wounded.
You hit the rat. The rat bites you but does no damage.
The gnoll hits you with a flail.
You die...

#........
##........
##.........
#..........
#..........
#.........#
.####..g..[...#
......)@r.....#
.##..........##
....#?........#
.## #.........#
#.........#
#.........# ..
#.........# .##
..#####.......##
.# ...
....####.....##


You could see a gnoll and a rat.

Vanquished Creatures
  2 gnolls (D:2)
  2 dart slugs (D:1)
  3 bats
  A giant cockroach (D:1)
  A goblin (D:1)
  3 hobgoblins (D:2)
  3 kobolds (D:1)
  5 rats (D:1)
20 creatures vanquished.

Notes
Turn   | Place    | Note
-------+----------+-------------------------------------------
     0 | D:1      | Kairos the Vine Stalker Fighter began the quest for the Orb.
     0 | D:1      | Reached XP level 1. HP: 11/11 MP: 2/2
   240 | D:1      | Reached XP level 2. HP: 15/16 MP: 3/3
   805 | D:2      | Reached XP level 3. HP: 7/20 MP: 1/4
   808 | D:2      | Slain by a gnoll

Vault maps used:
D:1:      eino_arrival_cavern_a, st_stairs_12, columned_hall_lemuel,
          minmay_box_of_dots
D:2:      overflow_temple_1_default, nicolae_ru_path_of_blood,
          okawaru_ov_weapons_minmay, first_ration

Skill      XL: |  1  2 |
---------------+-------+-----
Shields        | 3 |  3.3
Axes           | 2 |  2.1
Fighting       | 3 |  3.0
Armour         | |  2.7
Dodging        | |  0.1

Action                   || total
-------------------------++-------
Melee: War axe           ||    45
       Bite              ||    11
  Use: Potion            ||     2
       Scroll            ||     1
Armor: Scale mail        ||    20
       Leather armour    ||     5
Dodge: Dodged            ||    16
Block: Shield            ||    34

Table legend:
 A = Spawn XP
 B = Non-spawn XP
 C = Spawn XP percentage of total XP
 D = Spawn monster count
 E = Non-spawn monster count
 F = Spawn count percentage of total count
 G = Total turns spent on level
                    A         B        C        D         E        F      G
               +---------+---------+-------+---------+---------+-------+---------
         Total |       0 |      62 |   0.0 |       0 |      20 |   0.0 |   808
               +---------+---------+-------+---------+---------+-------+---------
           D:1 |       0 |      25 |   0.0 |       0 |      14 |   0.0 |   702
           D:2 |       0 |      37 |   0.0 |       0 |       6 |   0.0 |   106
               +---------+---------+-------+---------+---------+-------+---------
